AoeStats
← Legend

Arabia

510726769Analyzed
2v2 RM · 20h ago on Oct 2, 2026· 26m 7s· 4 players
Game mode
Random Map
Map size
Medium (4 player)
Population
200
Speed
Normal
Resources
Standard
Victory
Conquest
Starting age
Dark Age
Ending age
Imperial Age
RankedLock teamsTeams togetherTeam positionsShared explorationLock speedFull tech treeHidden civsTurbo modeCheats
Victory
Defeat
🇨🇳 Huns · China
844
+11
🇨🇳 Spanish · China
793
+13
🇷🇸 Byzantines · Serbia
751
-13
🇪🇬 Turks · Egypt
696
-11
Legend
5:58 Loom
15:34 Feudal Age
21:17 Castle Age
21:23 Castle Age
20:14 Fletching
20:25 Padded Archer Armor
23:07 Bodkin Arrow
Seeker
12:02 Feudal Age
13:29 Double-Bit Axe
22:29 Castle Age
21:03 Horse Collar
21:22 Gold Mining
24:17 Bow Saw
24:12 Fletching
23:44 Elite Skirmisher
wkl
3:32 Loom
10:50 Feudal Age
11:25 Horse Collar
11:37 Double-Bit Axe
13:33 Gold Mining
18:17 Wheelbarrow
20:39 Castle Age
19:54 Scale Barding Armor
20:23 Stone Mining
21:20 Town Watch
22:55 Husbandry
26:21 Hand Cart
26:36 Bow Saw
one a fish
10:21 Feudal Age
15:21 Castle Age
13:31 Loom
13:51 Double-Bit Axe
14:45 Horse Collar
18:31 Padded Archer Armor
24:58 Leather Archer Armor
Connection lost

Rejoining the realm…

Still unreachable

The connection could not be restored.

Session expired

The server has moved on; the page needs a fresh start.